 Dungeon Crawl Stone Soup version 0.19.1-1-g22dce08 (webtiles) character file.

114 Alarkh the Chopper (level 4, -2/38 HPs)
             Began as a Draconian Monk on Jan 18, 2017.
             Slain by an orc
             ... wielding a +0 mace
              (3 damage)
             ... on level 3 of the Dungeon.
             The game lasted 00:02:56 (2481 turns).

Alarkh the Chopper (Draconian Monk)                 Turns: 2481, Time: 00:02:58

Health: -2/38      AC:  5    Str: 18    XL:     4   Next: 67%
Magic:  4/4        EV: 13    Int: 11    God:
Gold:   215        SH:  0    Dex: 14    Spells: 0 memorised, 3 levels left

rFire  . . .     SeeInvis .     a - +0 hand axe
rCold  . . .     Gourm    .     (armour unavailable)
rNeg   . . .     Faith    .     (no shield)
rPois  .         Spirit   .     (helmet restricted)
rElec  .         Reflect  .     (no cloak)
rCorr  .         Harm     .     (no gloves)
MR     .....                    (no boots)
Stlth  ++........               (no amulet)
                                (no ring)
                                (no ring)

@: mighty, very slightly contaminated, hasted, very quick
A: unfitting armour, cold-blooded, AC +5
a: no special abilities


You were on level 3 of the Dungeon.
You were not hungry.

You visited 1 branch of the dungeon, and saw 3 of its levels.

You collected 215 gold pieces.

Inventory:

Hand Weapons
 a - a +0 hand axe (weapon)
Jewellery
 g - an uncursed ring of wizardry {unknown}
 j - an uncursed ring of stealth {unknown}
Wands
 f - a wand of flame (25/48)
Scrolls
 e - a scroll of identify
 h - a scroll of immolation {unknown}
Potions
 d - 3 potions of haste
 k - a potion of brilliance {unknown}
Comestibles
 b - 2 bread rations
 c - 21 chunks of flesh


   Skills:
 - Level 3.2 Fighting
 + Level 5.5 Axes
 - Level 2.6 Dodging
 - Level 1.7 Stealth


You had 3 spell levels left.
You didn't know any spells.

Dungeon Overview and Level Annotations

Branches:
Dungeon (3/15)

Altars:


Innate Abilities, Weirdness & Mutations

Your plain brown scales are hard. (AC +5)
You cannot fit into any form of body armour.
You are cold-blooded and may be slowed by cold attacks.


Message History

* * * LOW HITPOINT WARNING * * *
The orc priest hits you with a club.
* * * LOW HITPOINT WARNING * * *
The orc wizard hits you with a dagger.
* * * LOW HITPOINT WARNING * * *
The orc misses you.
You are very lightly contaminated with residual magic.
It was a potion of might.
You feel very mighty all of a sudden. The goblin hits you with a club.
* * * LOW HITPOINT WARNING * * *
The orc barely misses you.
You hit the orc.
The orc is almost dead.
You hit the orc wizard. You closely miss the goblin. You hit the orc priest.
You hit the orc. The orc priest closely misses you.
The orc wizard hits you with a dagger.
* * * LOW HITPOINT WARNING * * *
The orc hits you with a mace.
You die...

#......# ###### #......#
##.....## ##......#
##.......# ###.......#
#.........
..........#####.oo......
#...............@o......
#.##............go......
#>.#####................
...)...................#
##)###..................
#)#...#................
##)#.###................
#)...###.......$.?......
#.##...###.............


You could see an orc priest, an orc wizard, 2 orcs and a goblin.

Vanquished Creatures
  Robin (D:3)
  An adder (D:2)
  An ooze (D:1)
  3 worms (D:2)
  2 dart slugs (D:1)
  A leopard gecko (D:2)
  A ball python (D:1)
  2 giant cockroaches (D:1)
  20 goblins
  11 hobgoblins
  6 jackals (D:2)
  A quokka (D:2)
  5 bats
  4 frilled lizards
  6 kobolds
  6 rats
71 creatures vanquished.

Notes
Turn   | Place    | Note
-------+----------+-------------------------------------------
     0 | D:1      | Alarkh the Draconian Monk began the quest for the Orb.
     0 | D:1      | Reached XP level 1. HP: 19/19 MP: 1/1
   266 | D:1      | Reached XP level 2. HP: 26/26 MP: 2/2
   771 | D:1      | Reached skill level 4 in Axes
   937 | D:1      | Reached XP level 3. HP: 27/31 MP: 3/3
  1673 | D:2      | Reached XP level 4. HP: 38/38 MP: 4/4
  1824 | D:1      | Reached skill level 5 in Axes
  2414 | D:3      | Noticed Robin
  2428 | D:3      | Killed Robin
  2481 | D:3      | HP: 1/38 [orc wizard/dagger (1)]
  2481 | D:3      | Slain by an orc

Skill      XL: |  1  2  3  4 |
---------------+-------------+-----
Axes           | 4 5 |  5.5
Fighting       | |  3.2
Dodging        | |  2.6
Stealth        | |  1.7

Action                   |  1- 3 |  4- 6 || total
-------------------------+-------+-------++-------
Melee: Hand axe          |   128 |    98 ||   226
       Tailslap          |    16 |    11 ||    27
  Use: Scroll            |     1 |       ||     1
       Potion            |       |     3 ||     3
 Stab: Sleeping          |     3 |       ||     3
  Eat: Chunk             |     3 |     2 ||     5
Armor: Skin              |    40 |    16 ||    56
Dodge: Dodged            |    85 |    62 ||   147
